 Dungeon Crawl Stone Soup version 0.31-a0-198-g2ad674f65e (webtiles) character file.

Game seed: 3245636281900074625

2 lessens the Caller (level 1, 0/14 HPs)
             Began as a Hill Orc Summoner on June 26, 2023.
             Slain by a goblin
             ... wielding a +0 club
              (2 damage)
             ... on level 1 of the Dungeon.
             The game lasted 00:00:22 (175 turns).

lessens the Caller (Hill Orc Summoner)               Turns: 175, Time: 00:00:23

Health: 0/14       AC:  2    Str: 10    XL:     1   Next: 30%
Magic:  1/3        EV: 12    Int: 15    God:
Gold:   17         SH:  0    Dex: 11    Spells: 2/3 levels left

rFire   . . .        d - +0 dagger
rCold   . . .        (no shield)
rNeg    . . .        a - +0 robe
rPois   .            (no helmet)
rElec   .            (no cloak)
rCorr   .            (no gloves)
SInv    .            (no boots)
Will    .....        (no amulet)
Stlth   ++           (no ring)
HPRegen 0.22/turn    (no ring)
MPRegen 0.08/turn

%: no passive effects
@: no status effects
A: no striking features
a: no special abilities


You were on level 1 of the Dungeon.
You visited 1 branch of the dungeon, and saw 1 of its levels.

You collected 17 gold pieces.

Inventory:

Hand Weapons
 d - a +0 dagger (weapon)
Armour
 a - a +0 robe (worn)
Scrolls
 c - a scroll of identify {unknown}
Potions
 b - a potion of magic


   Skills:
 + Level 1.0 Axes
 - Level 1.5 Dodging
 - Level 1.5 Stealth
 - Level 1.5 Spellcasting
 - Level 4.0 Summonings


You had 2 spell levels left.
You knew the following spells:

 Your Spells              Type           Power      Damage    Failure   Level
a - Summon Small Mammal   Summ           52%        N/A       4%          1

Your spell library contained the following spells:

 Spells                   Type           Power      Damage    Failure   Level
 Call Imp                 Summ           26%        N/A       7%          2
 Call Canine Familiar     Summ           13%        N/A       14%         3
 Summon Guardian Golem    Hex/Summ       7%         N/A       30%         3
 Summon Lightning Spire   Summ/Air       7%         N/A       71%         4


Dungeon Overview and Level Annotations

Branches:
Dungeon (1/15) Zot: 5825

Altars:


Message History

No target in view!
Found a stone staircase leading down.
There is a stone staircase leading down here.
You see here a +0 whip.
You now have 17 gold pieces (gained 6).
A kobold and a goblin come into view.
The kobold shouts!
The goblin shouts!
The kobold moves out of view.
The goblin moves out of view.
Found 13 gold pieces.
There are monsters nearby!
You hit the goblin but do no damage. The goblin hits you but does no damage.
You barely miss the goblin. The goblin hits you with a +0 club.
You closely miss the goblin. The goblin closely misses you.
You closely miss the kobold. The goblin hits you with a +0 club.
The kobold closely misses you.
Casting: Summon Small Mammal (safe; 4% risk of failure)
Press: ? - help, Q - select action Dir - look around, f - activate The goblin closely misses you.
The kobold closely misses you.
You barely miss the goblin. The goblin barely misses you.
The kobold hits you with a +0 whip.
Your bat hits the kobold but does no damage.
You closely miss the goblin.
Your bat closely misses the kobold.
The goblin closely misses you. The kobold hits you but does no damage.
You miss the goblin.
Your bat hits the kobold but does no damage.
The goblin hits you with a +0 club. The kobold closely misses you.
You hit the goblin but do no damage.
Your bat hits the kobold but does no damage.
The goblin hits you but does no damage. The kobold closely misses you.
The goblin attacks as you move away! The goblin barely misses you.
The kobold barely misses your bat.
Your bat misses the kobold. The goblin attacks as you move away!
The goblin hits you with a +0 club.
Your bat hits the kobold but does no damage.
The goblin attacks as you move away! The goblin barely misses you.
Casting: Summon Small Mammal (safe; 4% risk of failure)
Press: ? - help, Q - select action Dir - look around, f - activate Your bat closely misses the kobold.
The goblin hits you with a +0 club.
* * * LOW HITPOINT WARNING * * *
The goblin attacks as you move away! The goblin hits you with a +0 club.
You die...

....... #.#r#.#
.......######.#.#.#
.....b........#.#.#
..............#.#.#
........b.....#.#.#
..............#.#.##
.......#K####.#.#..#
####.###g# #.#.##.# #
#@####.#.##.######
#>.b.#.#.........#
#.######.#.#.##......#
#......#.#.###########
#####....#...#.......#
#####......#.#.#####.#
#.....####.#.#.#
#.##### #.#.#.#
#.#)..#


You could see a goblin (ally target), a kobold and 2 friendly bats.

Vanquished Creatures
  A goblin (D:1)
  A frilled lizard (D:1)
2 creatures vanquished.

Notes
Turn   | Place    | Note
-------+----------+-------------------------------------------
     0 | D:1      | lessens the Hill Orc Summoner began the quest for the Orb.
     0 | D:1      | Reached XP level 1. HP: 14/14 MP: 3/3
    97 | D:1      | Reached skill level 1 in Axes
   175 | D:1      | Slain by a goblin

Illustrated notes

Levels and vault maps discovered:
D:1:      dpeg_arrival_fog, layout_basic

Skill      XL: |  1 |
---------------+----+-----
Axes           | 1 |  1.0
Dodging        | |  1.5
Stealth        | |  1.5
Spellcasting   | |  1.5
Summonings     | |  4.0

Action                     || total
---------------------------++-------
  Melee: Dagger            ||     9
         Unarmed           ||     5
   Cast: Summon Small Mamm ||     3
 Armour: Robe              ||     3
  Dodge: Dodged            ||    12

Table legend: (Time is in decaauts)
 A = Elapsed time spent in this place.
 B = Non-inter-level travel time spent in this place.
 C = Inter-level travel time spent in this place.
 D = Time resting spent in this place.
 E = Time spent auto-exploring this place.
 F = Levels seen in this place.
 G = Mean time per level.
                   A        B        C        D        E       F      G
               +--------+--------+--------+--------+--------+-----+--------+
         Total |    174 |    174 |      0 |      0 |    138 |   1 |  174.0 |
       Dungeon |    174 |    174 |      0 |      0 |    138 |   1 |  174.0 |
               +--------+--------+--------+--------+--------+-----+--------+

Top non-repeatable levels by time:
     D:1: 174 daAuts

Levels and vault maps discovered:
D:1:      dpeg_arrival_fog, layout_basic
